 Dungeon Crawl Stone Soup version 0.13.0-19-g8e0b589 (webtiles) character file.

283 Kejsarherre the Skirmisher (level 4, 0/44 HPs)
             Began as an Ogre Wanderer on Oct 24, 2013.
             Succumbed to poison (a potion of poison)
             ... on Level 3 of the Dungeon.
             The game lasted 00:04:07 (1999 turns).

Kejsarherre the Skirmisher (Ogre Wanderer)          Turns: 1999, Time: 00:04:08

HP   0/44        AC  3     Str 20      XL: 4   Next:  3%
MP  13/13        EV  9     Int 11      God:
Gold 224         SH  0     Dex  7      Spells:  0 memorised,  3 levels left

Res.Fire  : . . .   See Invis. : .   a - +0 mace
Res.Cold  : . . .   Warding    : .   o - +0 robe
Life Prot.: . . .   Conserve   : .   (shield restricted)
Res.Poison: .       Res.Corr.  : .   (helmet restricted)
Res.Elec. : .       Clarity    : .   (no cloak)
Sust.Abil.: . .     Spirit.Shd : .   (gloves unavailable)
Res.Mut.  : .       Stasis     : .   (boots unavailable)
Res.Rott. : .       Flight     : .   (no amulet)
Saprovore : + . .                    (no ring)
                                     x - ring of magical power

@: mildly poisoned, slowed, very slow, slightly resistant to hostile
enchantments, very unstealthy
A: unfitting armour, fast metabolism 1, saprovore 1, tough skin 1
a: no special abilities


You were on level 3 of the Dungeon.
You were very hungry.

You visited 1 branch of the dungeon, and saw 3 of its levels.

You collected 174 gold pieces.

Inventory:

Hand weapons
 a - a +0,+0 mace (weapon)
 b - a +1,+0 sling of flame
 q - a +0,+0 mace of draining
Missiles
 c - 2 arrows
 s - 19 stones (quivered)
 y - 7 arrows of flame
Armour
 o - a +0 robe (worn)
Comestibles
 d - 2 meat rations
 k - 3 bread rations
 u - a pear
Scrolls
 e - 2 scrolls of remove curse {unknown}
 f - a scroll of curse weapon {unknown}
 h - 2 scrolls of curse armour {unknown}
 i - 3 scrolls of teleportation
 j - a scroll of enchant weapon II {unknown}
 n - 2 scrolls of noise {unknown}
 r - a scroll of enchant armour {unknown}
Jewellery
 x - a ring of magical power (left hand)
Potions
 g - a potion of resistance {unknown}
 l - a potion of slowing
 m - a potion of might {unknown}
 p - a potion of paralysis {unknown}
 t - a potion of poison
 v - a potion of restore abilities {unknown}
 w - a potion of confusion {unknown}


   Skills:
 - Level 7.1 Fighting
 + Level 3.1 Maces & Flails
   Level 1.3 Bows
 - Level 1.1 Throwing
   Level 1.0 Shields


You had 3 spell levels left.
You didn't know any spells.

Dungeon Overview and Level Annotations

Branches:
Dungeon (3/27)

Altars:
Cheibriados
Fedhas
Kikubaaqudgha
Makhleb
Sif Muna
Yredelemnul


Innate Abilities, Weirdness & Mutations

You are too large for most types of armour.
You have a fast metabolism.
You can tolerate rotten meat.
You have tough skin (AC +1).


Message History

You barely miss the orc wizard.
The orc wizard is heavily wounded.
The orc wizard completely misses you.
You hit the orc wizard.
The orc wizard is severely wounded.
The orc wizard looks braver.
The orc wizard hits you with an orcish dagger.
* * * LOW HITPOINT WARNING * * *
Drink which item? (? for menu, Esc to quit)
You feel yourself slow down.
It was a potion of slowing.
The orc wizard hits you with an orcish dagger.
* * * LOW HITPOINT WARNING * * *
The orc wizard points at you and mumbles some strange words.
The puff of flame hits you!
One of your 2 scrolls labeled REUX BEBBORPH catches fire!
* * * LOW HITPOINT WARNING * * *
Drink which item? (? for menu, Esc to quit)
That liquid tasted very nasty...
You are poisoned.
It was a potion of poison.
You die...

##############
.............#
############.# #.# #.#
#.# ############ #.#
#..........##
###'###@#####.....#
#......o# #.P.P.# ####
#.......# #.._..# ...#
#......(# #.P.P.# ...#
#.....(######.....#
...# #......#
#......>## ...#
#.....(# #.#####.####
...# #....(.#
#...###....## ...#
#.....#####...#####..#


You could see an orc wizard.

Vanquished Creatures
  An adder (D:2)
  A worm (D:3)
  A giant gecko (D:2)
  An ooze (D:1)
  An orc (D:3)
  A ball python (D:1)
  5 bats
  7 goblins
  5 hobgoblins
  8 kobolds
  2 quokkas
  6 rats
39 creatures vanquished.

Notes
Turn   | Place    | Note
--------------------------------------------------------------
     0 | D:1      | Kejsarherre, the Ogre Wanderer, began the quest for the Orb.
     0 | D:1      | Reached XP level 1. HP: 18/18 MP: 1/1
   206 | D:1      | Reached XP level 2. HP: 27/27 MP: 2/2
   248 | D:1      | Reached skill level 6 in Fighting
   405 | D:1      | Reached XP level 3. HP: 24/35 MP: 3/3
   673 | D:2      | Found a blossoming altar of Fedhas.
  1209 | D:3      | Reached skill level 7 in Fighting
  1345 | D:3      | Found a basalt altar of Yredelemnul.
  1365 | D:3      | Found a deep blue altar of Sif Muna.
  1368 | D:3      | Found a snail-covered altar of Cheibriados.
  1371 | D:3      | Found an ancient bone altar of Kikubaaqudgha.
  1374 | D:3      | Found a burning altar of Makhleb.
  1527 | D:3      | Reached XP level 4. HP: 42/44 MP: 4/4
  1794 | D:3      | Found a basalt altar of Yredelemnul.
  1998 | D:3      | HP: 1/44 [orc wizard/puff of flame (7)]
  1999 | D:3      | Succumbed to poison (a potion of poison)

Action                   |  1- 3 |  4- 6 || total
-------------------------+-------+-------++-------
Melee: Mace              |    28 |    26 ||    54
 Fire: Bow               |   108 |       ||   108
       Sling             |     9 |     5 ||    14
  Use: Potion            |       |     2 ||     2
